 Dungeon Crawl Stone Soup version 0.31-a0-354-g827e0957a7 (webtiles) character file.

Game seed: 9775480465865095655

74 LeprechaunX the Ruffian (level 4, 0/29 HPs)
             Began as an Octopode Shapeshifter on July 24, 2023.
             Killed by divine providence
             ... invoked by an orc priest
              (13 damage)
             ... on level 3 of the Dungeon.
             The game lasted 00:01:35 (1771 turns).

LeprechaunX the Ruffian (Octopode Shapeshifter)     Turns: 1771, Time: 00:01:36

Health: 0/29       AC:  1    Str: 16    XL:     4   Next: 28%
Magic:  4/4        EV: 13    Int: 10    God:
Gold:   142        SH:  0    Dex: 12    Spells: 3/3 levels left

rFire   . .          .
                       - Unarmed
rCold   . . .        (no shield)
rNeg    . . .        (helmet currently unavailable)
rPois   .            (no amulet)
rElec   .            (no ring)
rCorr   .            (no ring)
SInv    .            (no ring)
Will    .....        (no ring)
Stlth   ++           (no ring)
HPRegen 0.24/turn    (no ring)
MPRegen 0.09/turn    (no ring)
                     (no ring)

%: no passive effects
@: beast-form
A: beast (slay +2), almost no armour, amphibious, 8 rings, camouflage 1,
gelatinous body 1, (nimble swimmer 1), tentacles
a: Begin Untransformation


You were on level 3 of the Dungeon.
You were a hulking beast.
You visited 1 branch of the dungeon, and saw 3 of its levels.

You collected 142 gold pieces.

Inventory:

Missiles
 c - a throwing net
 i - 5 javelins (quivered)
 m - 3 boomerangs
Talismans
 b - a beast talisman
Scrolls
 f - 4 scrolls of identify {unknown}
 k - a scroll of acquirement {unknown}
 l - a scroll of revelation {unknown}
 n - a scroll of noise {unknown}
Potions
 a - 2 potions of lignification
 d - a potion of cancellation {unknown}
 e - a potion of heal wounds {unknown}
 g - a potion of attraction {unknown}
 h - a potion of brilliance {unknown}
 j - a potion of haste {unknown}


   Skills:
 + Level 1.8 Fighting
 + Level 0.0 Throwing
 + Level 2.6 Dodging
 * Level 3.9 Unarmed Combat
 + Level 3.3 Shapeshifting


You had 3 spell levels left.
You didn't know any spells.
Your spell library contained the following spells:

 Spells                   Type           Power      Damage    Failure   Level
 Ensorcelled Hibernation  Hex/Ice        0%         N/A       50%         2
 Anguish                  Hex/Necr       0%         N/A       98%         4


Dungeon Overview and Level Annotations

Branches:
Dungeon (3/15)

Altars:

Shops:
D:2 (


Innate Abilities, Weirdness & Mutations

You are a hulking beast.
Your limbs bulge with bestial killing power. (Slay +2)
You cannot wear most types of armour.
You are amphibious.
You can wear up to eight rings at the same time.
Your skin changes colour to match your surroundings (Stealth+).
Your rubbery body absorbs attacks. (AC +1, EV +1)
((You are camouflaged when in or above water. (Stealth+)))
You have tentacles for arms and can constrict up to eight enemies at once.


Message History

You see here a +0 spear.
An orc comes into view. It is wielding a +0 hand axe.
The orc shouts!
A bat comes into view.
There are monsters nearby!
An orc comes into view. It is wielding a +0 club.
An orc comes into view. It is wielding a +0 club.
Found a smoky emerald potion.
An orc priest comes into view. It is wielding a +0 war axe.
The orc hits you with a +0 hand axe.
The orc priest shouts!
The orc shouts!
You closely miss the orc. You grab the orc. You squeeze the orc.
The orc is lightly wounded.
You constrict the orc. The orc hits you with a +0 hand axe.
You bludgeon the orc!
You kill the orc!
The bat barely misses you.
You swing at nothing.
You closely miss the bat. Your grab misses the bat. You squeeze the bat.
You kill the bat!
You swing at nothing.
You swing at nothing.
You swing at nothing.
You completely miss the orc. You grab the orc.
You constrict the orc, but do no damage.
The orc closely misses you.
You tentacle-slap the orc but do no damage.
You constrict the orc, but do no damage.
You tentacle-slap the orc.
The orc is severely wounded.
You constrict the orc, but do no damage.
The orc priest invokes the aid of Beogh against you.
Beogh smites you! The orc barely misses you.
You hear a shout!
You bludgeon the orc!
You kill the orc!
The orc priest invokes the aid of Beogh against you.
Beogh smites you!
You die...

...# ..# ..#
###+##+ ..# !...o..
#.# .......
#.###..o.. #.##...#
#######h##.#
........)o.#
#######.##########.
.........).........
#######.###....####
#.# #..).# #.#
#....#
#.###....#####
###+####
#.##..........


You could see an orc priest.

Vanquished Creatures
  An adder (D:2)
  2 dart slugs (D:1)
  2 orcs (D:3)
  5 ball pythons
  7 endoplasms
  3 giant cockroaches
  5 goblins
  5 hobgoblins
  4 jackals (D:2)
  6 kobolds
  3 quokkas
  4 bats
  3 frilled lizards
  3 rats (D:1)
53 creatures vanquished.

Notes
Turn   | Place    | Note
-------+----------+-------------------------------------------
     0 | D:1      | LeprechaunX the Octopode Shapeshifter began the quest for
                  | the Orb.
     0 | D:1      | Reached XP level 1. HP: 13/13 MP: 1/1
   146 | D:1      | Reached XP level 2. HP: 18/18 MP: 2/2
   256 | D:1      | Reached XP level 3. HP: 23/23 MP: 3/3
  1039 | D:2      | Found Ruvennist's Antique Weapon Shop.
  1404 | D:2      | Reached XP level 4. HP: 29/29 MP: 4/4
  1771 | D:3      | Killed from afar by an orc priest

Illustrated notes

Levels and vault maps discovered:
D:1:      kennysheep_arrival_seaside, layout_loops_ring,
          kennysheep_pointless_box
D:2:      layout_loops_ring, serial_shops, nicolae_shop_just_a_little_nook,
          roderic_lattice_a, kennysheep_another_room
D:3:      layout_basic, serial_aquarium, aquarium_bridge_square
          [aquarium_subvault_bridge, aquarium_subvault_bridge,
          aquarium_subvault_balcony, aquarium_subvault_wall],
          aquarium_bridge_long_joined [aquarium_subvault_window,
          aquarium_subvault_balcony, aquarium_subvault_bridge,
          aquarium_subvault_window, aquarium_subvault_balcony,
          aquarium_subvault_bridge], aquarium_window_1, aquarium_window_corner,
          aquarium_window_1, aquarium_view_2d, aquarium_view_2c,
          aquarium_balcony_5b, aquarium_pool_side,
          nicolae_concentric_dashed_squares_mild

Action                     |  1- 3 |  4- 6 || total
---------------------------+-------+-------++-------
  Melee: Unarmed           |    69 |    15 ||    84
         Tentacles         |    16 |     3 ||    19
         Constrict         |    17 |     4 ||    21
         Punch             |     6 |       ||     6
   Stab: Sleeping          |    15 |       ||    15
 Armour: Skin              |     5 |       ||     5
  Dodge: Dodged            |    29 |     7 ||    36

Table legend: (Time is in decaauts)
 A = Elapsed time spent in this place.
 B = Non-inter-level travel time spent in this place.
 C = Inter-level travel time spent in this place.
 D = Time resting spent in this place.
 E = Time spent auto-exploring this place.
 F = Levels seen in this place.
 G = Mean time per level.
                   A        B        C        D        E       F      G
               +--------+--------+--------+--------+--------+-----+--------+
         Total |   1764 |   1644 |    120 |      0 |   1359 |   3 |  588.0 |
       Dungeon |   1764 |   1644 |    120 |      0 |   1359 |   3 |  588.0 |
               +--------+--------+--------+--------+--------+-----+--------+

Top non-repeatable levels by time:
     D:1: 868 daAuts
     D:2: 811 daAuts
     D:3: 84 daAuts
